 Dungeon Crawl Stone Soup version 0.23.2-1-ga50397a6bc (webtiles) character file.

Game seed: 11482283970728554696

2620 MisterOstroum the Skirmisher (level 9, -1/49 HPs)
             Began as a Vine Stalker Skald on Apr 29, 2019.
             Succumbed to a killer bee's poison
             ... on level 7 of the Dungeon.
             The game lasted 00:22:16 (7252 turns).

MisterOstroum the Skirmisher (Vine Stalker Skald)   Turns: 7252, Time: 00:22:17

Health: -1/49      AC:  6    Str: 16    XL:     9   Next: 60%
Magic:  1/17       EV: 16    Int: 13    God:
Gold:   219        SH:  0    Dex: 15    Spells: 12/18 levels left

rFire    + . .     SeeInvis +   s - +0 dagger (elec)
rCold    . . .     Gourm    .   (no shield)
rNeg     . . .     Faith    .   D - +2 leather armour {rF+}
rPois    .         Spirit   +   (no helmet)
rElec    .         Reflect  .   (no cloak)
rCorr    .         Harm     .   (no gloves)
MR       +....                  L - +0 pair of boots
Stlth    +.........             f - amulet of regeneration
HPRegen  0.96/turn              l - ring of see invisible
MPRegen  0.15/turn              k - +4 ring of evasion

@: lethally poisoned (-1 -> -11)
A: fangs 3, regeneration 1, magic shield, antimagic bite, no potion heal 3, rot
immunity
a: no special abilities


You were on level 7 of the Dungeon.
You were not hungry.

You visited 2 branches of the dungeon, and saw 8 of its levels.
You also visited: Sewer.

You collected 274 gold pieces.
You spent 55 gold pieces at shops.

Inventory:

Hand Weapons
 a - a +0 falchion
 s - a +0 dagger of electrocution (weapon)
 v - a +6 dagger of venom
 B - a +0 blowgun
Missiles
 g - 337 stones (quivered)
 u - 4 javelins
 C - 26 poisoned needles
 H - 8 tomahawks
Armour
 D - a +2 leather armour of fire resistance (worn)
 L - a +0 pair of boots (worn)
Jewellery
 d - an uncursed ring of resist corrosion
 f - an amulet of regeneration (around neck)
 k - a +4 ring of evasion (right hand)
 l - a ring of see invisible (left hand)
 G - an uncursed ring of fire
Wands
 q - a wand of acid (5)
 t - a wand of random effects (23)
 y - a wand of disintegration (8)
 K - a wand of paralysis (12)
Scrolls
 b - a scroll of identify {@r1}
 i - 2 scrolls of fog {unknown}
 j - 2 scrolls of enchant weapon {unknown}
 n - 5 scrolls of enchant armour {unknown}
 o - 5 scrolls of remove curse {@r2}
 p - 2 scrolls of magic mapping {unknown}
 w - a scroll of immolation {unknown}
 F - a scroll of amnesia
Potions
 c - 4 potions of cancellation
 h - 10 potions of curing {@q1 !q}
 m - 3 potions of flight
 r - 2 potions of might
 x - a potion of berserk rage {unknown}
 z - 2 potions of brilliance
 A - a potion of agility {unknown}
 E - a potion of resistance {unknown}
 I - 2 potions of mutation
 J - 2 potions of lignification
Comestibles
 e - 7 rations


   Skills:
 + Level 6.6 Fighting
 + Level 5.6(6.0) Short Blades
 - Level 3.3(4.9) Long Blades
 - Level 0.7 Armour
 - Level 1.5 Dodging
 - Level 5.0 Spellcasting
 - Level 5.0 Hexes
 - Level 5.0 Charms


You had 12 spell levels left.
You knew the following spells:

 Your Spells              Type           Power        Failure   Level  Hunger
a - Infusion              Chrm           ###.         3%          1    None
b - Song of Slaying       Chrm           ###.....     4%          2    ##.....
c - Spectral Weapon       Hex/Chrm       ###.....     9%          3    ###....

Your spell library contained the following spells:

 Spells                   Type           Power        Failure   Level  Hunger
 Confusing Touch          Hex            ###...       3%          1    None
 Confuse                  Hex            ###.....     9%          3    ###....
 Shroud of Golubria       Chrm/Tloc      #.........   12%         2    ##.....
 Regeneration             Chrm/Necr      #.........   24%         3    ###....
 Gell's Gravitas          Tloc           #.........   56%         3    ###....
 Petrify                  Tmut/Erth      #.......     92%         4    ####...
 Metabolic Englaciation   Hex/Ice        #.........   92%         5    ######.
 Yara's Violent Unravell  Hex/Tmut       #.........   92%         5    ######.


Dungeon Overview and Level Annotations

Branches:
Dungeon (7/15)             Temple (1/1) D:7

Altars:
Cheibriados
Elyvilon
Gozag
Hepliaklqana
Kikubaaqudgha
Makhleb
Nemelex Xobeh
Qazlal
Ru
Trog
Uskayaw
Vehumet
Wu Jian
Xom
Yredelemnul
Zin
The Shining One

Shops:
D:4 *   D:5 ?(   D:6 **(}?

Annotations:
D:4 1 runed translucent door, Crazy Yiuf


Innate Abilities, Weirdness & Mutations

You have razor-sharp teeth.
Your natural rate of healing is unusually fast.
When hurt, damage is shared between your health and your magic reserves.
Your bite disrupts and absorbs the magic of your enemies.
Potions cannot restore your health.
You are immune to rotting.


Message History

Found a scroll of identify.
You hit the shadow imp.
Lightning courses through the shadow imp!!
You kill the shadow imp!
No target in view!
No target in view!
No target in view!
No target in view!
No target in view!
No target in view!
No target in view!
No target in view!
No target in view!
No target in view!
No target in view!
No target in view!
No target in view!
No target in view!
Magic restored.
Found a stone staircase leading up.
b - a scroll of identify {@r1};
g - 337 stones (gained 20)
A killer bee comes into view.
The killer bee buzzes angrily.
Found a scroll of remove curse.
A killer bee is nearby! 2 killer bees come into view.
The killer bee buzzes angrily.
A hippogriff comes into view.
The hippogriff screeches!
The killer bee stings you. The killer bee barely misses you.
You hit the killer bee. Your bite misses the killer bee.
The killer bee is lightly wounded.
The killer bee stings you but does no damage.
An orc comes into view. It is wielding a +0 club.
An orc warrior comes into view. It is wielding a +0 glaive.
You completely miss the killer bee.
The orc warrior shouts!
The orc shouts!
Your bite misses the killer bee.
The killer bee is lightly wounded.
The killer bee stings you.
You are poisoned.
The killer bee poisons you!
You hit the killer bee but do no damage.
You bite the killer bee. You drain its power.
You feel invigorated.
The killer bee is moderately wounded.
You feel sick. The killer bee stings you.
An orc comes into view. It is wielding a +0 mace.
The killer bee closely misses you. The killer bee barely misses you. x2
The orc shouts!
You hit the killer bee. Your bite misses the killer bee.
The killer bee is moderately wounded.
You feel sick. The killer bee misses you. The killer bee closely misses you.
The killer bee stings you but does no damage.
You hit the killer bee. Your bite misses the killer bee.
The killer bee is heavily wounded.
The killer bee closely misses you. The killer bee stings you.
You are more poisoned.
The killer bee poisons you! The killer bee stings you.
The killer bee misses you. The killer bee closely misses you.
You barely miss the killer bee.
The killer bee is heavily wounded.
You feel sick. The killer bee closely misses you.
An orc comes into view. It is wielding a +0 club.
The killer bee barely misses you. x2; The killer bee closely misses you.
The orc shouts!
You hit the killer bee. Your bite misses the killer bee.
The killer bee is severely wounded.
You feel sick. The killer bee completely misses you.
The killer bee stings you. x2
You miss the killer bee. Your bite misses the killer bee.
The killer bee is severely wounded.
The killer bee closely misses you. The killer bee misses you.
The killer bee stings you!
You are more poisoned.
The killer bee poisons you! The killer bee misses you.
The killer bee barely misses you. The killer bee stings you.
You are more poisoned.
The killer bee poisons you!
You are too injured to fight recklessly!
You are too injured to fight recklessly!
You are too injured to fight recklessly!
You are too injured to fight recklessly!
You feel very sick. The killer bee closely misses you.
The killer bee stings you!
You are more poisoned.
The killer bee poisons you!
The killer bee stings you but does no damage.
* * * LOW HITPOINT WARNING * * *
You feel very sick. The killer bee closely misses you.
The hippogriff bites you.
* * * LOW HITPOINT WARNING * * *
The hippogriff pecks you.
* * * LOW HITPOINT WARNING * * *
The hippogriff claws you.
* * * LOW HITPOINT WARNING * * *
The killer bee closely misses you. x2
* * * LOW HITPOINT WARNING * * *
You feel sick. The hippogriff bites you.
* * * LOW HITPOINT WARNING * * *
The hippogriff closely misses you. x2; The killer bee barely misses you.
You die...

... ... ... #........#
....#.. #.#.# #..#####.#
..?.#..##.#.#.#..# .#
..........#.#.#..# .#
.................# .# ##
............### #.
............... .......## #.
#. #..oH#######...#...# #.
#..#o.yy.@............# #.
.<.o.....y........#.#..# ##
...##....#######.......####
....o........##...#.#.#...##
.o#.##....##....#.......#...
. # #....##..#...#.>.#...#.
.......##....#.......#...
...............#.#.#...##
..##....##.####.......####


You could see a hippogriff, an orc warrior, 3 killer bees and 3 orcs.

Vanquished Creatures
  Prince Ribbit (D:6)
  Sigmund (D:5)
  Eustachio (D:6)
  Duvessa (D:6)
  An orc warrior (D:5)
  An ice beast (D:6)
  2 ogres
  A phantom (D:5)
  4 big kobolds
  2 bullfrogs
  A gnoll sergeant (D:6)
  Dowan (D:6)
  2 scorpions (D:6)
  7 killer bees (D:7)
  A howler monkey (D:4)
  A jelly (D:6)
  A crimson imp (D:6)
  A bullfrog zombie (D:5)
  2 hounds
  An orc priest (D:5)
  An orc wizard (D:5)
  3 worker ants
  Ijyb (D:4)
  A bullfrog skeleton (D:5)
  7 gnolls
  3 adders
  2 river rats (D:3)
  2 shadow imps (D:7)
  An ooze (Sewer)
  2 adder skeletons (D:4)
  6 worms
  4 dart slugs
  7 leopard geckos
  12 orcs
  5 ball pythons
  10 bats
  A bat zombie (D:3)
  8 giant cockroaches
  11 goblins
  5 hobgoblins
  11 jackals
  26 kobolds
  2 quokkas (D:3)
  6 frilled lizards
  16 rats
  2 rat zombies (D:3)
188 creatures vanquished.

Vanquished Creatures (others)
  2 plants (D:7)
2 creatures vanquished.

Grand Total: 190 creatures vanquished

Notes
Turn   | Place    | Note
-------+----------+-------------------------------------------
     0 | D:1      | MisterOstroum the Vine Stalker Skald began the quest for
                  | the Orb.
     0 | D:1      | Reached XP level 1. HP: 11/11 MP: 4/4
    48 | D:1      | Reached skill level 2 in Fighting
    59 | D:1      | Reached XP level 2. HP: 9/15 MP: 4/6
   764 | D:1      | Reached XP level 3. HP: 17/19 MP: 7/7
  1472 | D:2      | Gained mutation: Your natural rate of healing is unusually
                  | fast. [Vine Stalker growth]
  1472 | D:2      | Reached XP level 4. HP: 22/23 MP: 6/8
  1521 | D:2      | Found a faded altar of an unknown god.
  1527 | D:2      | Reached skill level 3 in Fighting
  1582 | D:2      | Found a sacrificial altar of Ru.
  1688 | D:2      | Found a bloodstained altar of Trog.
  2103 | D:3      | Found an ancient bone altar of Kikubaaqudgha.
  2332 | D:3      | Reached XP level 5. HP: 22/28 MP: 6/9
  2335 | D:3      | Found a glowing drain.
  2345 | Sewer    | Entered a sewer
  2560 | Sewer    | Noticed a big kobold
  2569 | Sewer    | Killed a big kobold
  2569 | Sewer    | Reached skill level 1 in Short Blades
  2702 | Sewer    | Learned a level 2 spell: Song of Slaying
  2706 | Sewer    | Learned a level 3 spell: Spectral Weapon
  2709 | Sewer    | Noticed a big kobold
  2726 | Sewer    | Killed a big kobold
  2726 | Sewer    | Reached XP level 6. HP: 11/33 MP: 4/11
  3418 | D:4      | Found a glowing golden altar of the Shining One.
  3520 | D:4      | Found Segamm's Elemental Accessories.
  3620 | D:4      | Found an opulent altar of Gozag.
  3701 | D:4      | Reached skill level 4 in Fighting
  3881 | D:4      | Found a sparkling altar of Nemelex Xobeh.
  4024 | D:4      | Found a runed translucent door.
  4025 | D:4      | Noticed Crazy Yiuf
  4081 | D:4      | Noticed Ijyb
  4089 | D:4      | Killed Ijyb
  4089 | D:4      | Reached skill level 1 in Hexes
  4089 | D:4      | Reached XP level 7. HP: 21/37 MP: 4/12
  4236 | D:4      | Found a burning altar of Makhleb.
  4236 | D:4      | Noticed an Executioner
  4239 | D:4      | Noticed a smoke demon
  4239 | D:4      | Noticed a hellwing
  4343 | D:5      | Entered Level 5 of the Dungeon
  4518 | D:5      | Noticed Sigmund
  4636 | D:5      | Killed Sigmund
  4636 | D:5      | Gained mutation: You have razor-sharp teeth. [Vine Stalker
                  | growth]
  4636 | D:5      | Reached XP level 8. HP: 37/42 MP: 3/15
  4764 | D:5      | Found a radiant altar of Vehumet.
  4783 | D:5      | Found Ucesat's Antique Weapon Shop.
  4784 | D:5      | Found Hoekliv's Magic Scroll Boutique.
  4791 | D:5      | Bought a scroll of remove curse for 33 gold pieces
  4791 | D:5      | Bought a scroll of identify for 22 gold pieces
  4841 | D:5      | Found a snail-covered altar of Cheibriados.
  5232 | D:6      | Found Zeujaen's General Store.
  5232 | D:6      | Noticed Duvessa
  5232 | D:6      | Noticed Dowan
  5387 | D:6      | Reached skill level 5 in Charms
  5498 | D:6      | Found Zaickual's Gadget Emporium.
  5555 | D:6      | Reached skill level 5 in Fighting
  5599 | D:6      | Found Bioraal's Magic Scroll Boutique.
  5818 | D:6      | Found Sogga's Antique Weapon Boutique.
  5878 | D:6      | Killed Duvessa
  5878 | D:6      | Reached skill level 5 in Spellcasting
  5883 | D:6      | Killed Dowan
  5886 | D:6      | Reached XP level 9. HP: 33/47 MP: 8/17
  5977 | D:6      | Found Qougu's General Store.
  5982 | D:6      | Noticed Eustachio
  5996 | D:6      | Killed Eustachio
  6029 | D:6      | Noticed Prince Ribbit
  6038 | D:6      | Killed Prince Ribbit
  6451 | D:7      | Reached skill level 6 in Fighting
  6587 | D:7      | Reached skill level 5 in Short Blades
  6587 | D:7      | Reached skill level 5 in Hexes
  6933 | D:7      | Found a staircase to the Ecumenical Temple.
  6940 | Temple   | Entered the Ecumenical Temple
  7251 | D:7      | HP: 1/49 [hippogriff (2)]
  7252 | D:7      | Succumbed to a killer bee's poison

Skill      XL: |  1  2  3  4  5  6  7  8  9 |
---------------+----------------------------+-----
Fighting       | 2 3 4 5 6 |  6.6
Long Blades    | 2 3 |  3.3
Short Blades   | 1 2 3 4 5 |  5.6
Spellcasting   | 3 4 5 |  5.0
Hexes          | 1 2 4 5 |  5.0
Charms         | 4 5 |  5.0
Armour         | |  0.7
Dodging        | |  1.5

Action                   |  1- 3 |  4- 6 |  7- 9 || total
-------------------------+-------+-------+-------++-------
Melee: Falchion          |    97 |       |       ||    97
       Bite              |    33 |    63 |    63 ||   159
       Dagger            |       |   306 |   272 ||   578
Throw: Stone             |       |       |     4 ||     4
 Cast: Infusion          |       |     3 |    15 ||    18
       Spectral Weapon   |       |     2 |     8 ||    10
       Song of Slaying   |       |       |     1 ||     1
  Use: Potion            |       |     1 |       ||     1
       Scroll            |       |       |    10 ||    10
 Stab: Distracted        |       |       |     1 ||     1
  Eat: Chunk             |     2 |     8 |     7 ||    17
       Ration            |       |       |     2 ||     2
Armor: Leather armour    |    21 |    58 |    31 ||   110
Dodge: Dodged            |    74 |   276 |   209 ||   559
       Rpst.: Falchion   |    17 |       |       ||    17
